 Dungeon Crawl Stone Soup version 0.18.1-6-gd335043 (webtiles) character file.

781 mopl the Cleaver (level 7, -1/59 HPs)
             Began as a Hill Orc Fighter on May 19, 2016.
             Was a Follower of the Shining One.
             Killed from afar by Dowan (16 damage)
             ... with a shard of ice
             ... on level 5 of the Dungeon.
             The game lasted 00:05:01 (2632 turns).

mopl the Cleaver (Hill Orc Fighter)                 Turns: 2632, Time: 00:05:02

Health: -1/59      AC: 18    Str: 19    XL:     7   Next: 85%
Magic:  8/8        EV:  3    Int:  8    God:    the Shining One [*.....]
Gold:   261        SH:  9    Dex: 12    Spells: 1 memorised, 4 levels left

rFire  + . .     SeeInvis .     a - +0 war axe
rCold  . . .     Gourm    .     z - +0 plate armour
rNeg   . . .     Faith    .     c - +0 shield
rPois  +         Spirit   .     (no helmet)
rElec  .         Dismiss  .     B - +1 cloak
rCorr  .         Reflect  .     h - +0 pair of gloves
SustAt .         Harm     .     r - +2 pair of boots
MR     .....                    (no amulet)
Stlth  ..........               (no ring)
                                q - ring of poison resistance

@: glowing, not resistant to hostile enchantments, extremely unstealthy
A: fire resistance 1
a: Renounce Religion


You were on level 5 of the Dungeon.
You worshipped the Shining One.
The Shining One was aware of your devotion.
You were not hungry.

You visited 1 branch of the dungeon, and saw 5 of its levels.

You collected 261 gold pieces.

Inventory:

Hand Weapons
 a - a +0 war axe (weapon)
Missiles
 u - 8 javelins (quivered)
Armour
 c - a +0 shield (worn)
 h - a +0 pair of gloves (worn)
 r - a +2 pair of boots (worn)
 z - a +0 plate armour (worn)
 B - a +1 cloak (worn)
Jewellery
 q - a ring of poison resistance (left hand)
Scrolls
 e - 2 scrolls of magic mapping {unknown}
 g - a scroll of recharging {unknown}
 i - 2 scrolls of immolation {unknown}
 l - a scroll of fear {unknown}
 m - a scroll of noise {unknown}
 n - 2 scrolls of remove curse {unknown}
 p - 2 scrolls of identify
 s - a scroll of enchant weapon {unknown}
 t - 3 scrolls of teleportation {unknown}
Potions
 d - 2 potions of might
 j - 2 potions of flight
 k - a potion of berserk rage {!q}
 x - 2 potions of haste
Books
 v - a book of Minor Magic

   Spells                             Type                      Level
   a - Magic Dart                     Conjuration                  1
   b - Blink                          Translocation                2
   c - Call Imp                       Summoning                    2
   d - Repel Missiles                 Charms/Air                   2
   e - Slow                           Hexes                        2
   f - Conjure Flame                  Conjuration/Fire             3
   g - Mephitic Cloud                 Conjuration/Poison/Air       3
Miscellaneous
 y - a plain deck of escape
Comestibles
 b - 2 fruits
 f - 5 bread rations
 A - 2 slices of pizza


   Skills:
 + Level 4.1 Fighting
 * Level 10.3 Axes
 * Level 4.1 Armour
 + Level 1.1 Dodging
 - Level 3.2 Shields
 + Level 1.5 Invocations


You had 4 spell levels left.
You knew the following spells:

 Your Spells              Type           Power        Failure   Level  Hunger
e - Blink                 Tloc           N/A          100%        2    ###....


Dungeon Overview and Level Annotations

Branches:
Dungeon (5/15)
 Temple: D:4-7

Altars:
Nemelex Xobeh
Okawaru
Sif Muna
Yredelemnul
The Shining One

Annotations:
D:5 Dowan


Innate Abilities, Weirdness & Mutations

Your flesh is heat resistant.


Message History

There is a stone staircase leading up here.
Your shield and plate armour prevent you from hitting Dowan.
You block Dowan's attack.
The crimson imp grins evilly.
Dowan hits you but does no damage.
You slash Dowan!
Dowan is heavily wounded.
Your shield and plate armour prevent you from hitting the crimson imp.
Dowan barely misses you. The crimson imp barely misses you.
Unknown command.
You hit Dowan.
Dowan is heavily wounded.
You hit the crimson imp.
The crimson imp is moderately wounded.
Dowan hits you but does no damage.
You are electrocuted!
* * * LOW HITPOINT WARNING * * *
The crimson imp blinks!
Dowan gestures at you while chanting. The shard of ice hits you!
You die...

##.##############.........
#..§..5.5.....e....#######
#[.##############..# #..#
#..# #..# #).# #.e#
##..###### #e.#
#####......... #..#
#....e§.####.. #..#
#.###@.[)### #..#
#....5.....# #...
#####....#.# ....
....#.##.# #.... ########
# ##... ##...


You could see Dowan and a crimson imp.

Vanquished Creatures
  Eustachio (D:4)
  Duvessa (D:5)
  An ice beast (D:5)
  A giant frog (D:3)
  A scorpion (D:4)
  2 hounds (D:4)
  2 orc wizards (D:4)
  2 worker ants (D:4)
  A hound skeleton (D:4)
  6 adders
  2 oozes
  An adder skeleton (D:4)
  3 worms
  2 dart slugs (D:1)
  A giant gecko (D:3)
  3 orcs (D:4)
  2 giant cockroaches
  4 hobgoblins
  7 jackals
  3 kobolds
  A quokka (D:2)
  2 ball pythons
  9 bats
  A giant gecko zombie (D:3)
  6 giant newts
  13 goblins
  9 rats
87 creatures vanquished.

Notes
Turn   | Place    | Note
--------------------------------------------------------------
     0 | D:1      | mopl the Hill Orc Fighter began the quest for the Orb.
     0 | D:1      | Reached XP level 1. HP: 19/19 MP: 1/1
    35 | D:1      | Reached skill level 3 in Axes
   100 | D:1      | Reached XP level 2. HP: 25/26 MP: 2/2
   112 | D:1      | Reached skill level 4 in Axes
   226 | D:1      | Reached XP level 3. HP: 31/31 MP: 3/3
   472 | D:2      | Reached skill level 5 in Axes
   558 | D:2      | Found a glowing golden altar of the Shining One.
   601 | D:2      | Became a worshipper of the Shining One
   761 | D:2      | Reached XP level 4. HP: 35/39 MP: 4/4
  1122 | D:2      | Found a deep blue altar of Sif Muna.
  1167 | D:3      | Learned a level 2 spell: Blink
  1201 | D:3      | Reached skill level 6 in Axes
  1364 | D:3      | Found a sparkling altar of Nemelex Xobeh.
  1512 | D:3      | Reached XP level 5. HP: 45/45 MP: 5/5
  1660 | D:3      | Reached skill level 7 in Axes
  1780 | D:3      | Found a basalt altar of Yredelemnul.
  1844 | D:4      | Found an iron altar of Okawaru.
  1889 | D:4      | Noticed Eustachio
  1906 | D:4      | Reached skill level 8 in Axes
  1906 | D:4      | Reached XP level 6. HP: 49/51 MP: 6/6
  1917 | D:4      | Killed Eustachio
  1917 | D:4      | Reached skill level 9 in Axes
  2135 | D:4      | Reached XP level 7. HP: 57/57 MP: 7/7
  2157 | D:4      | Reached skill level 10 in Axes
  2192 | D:4      | Reached * piety under the Shining One
  2529 | D:5      | Entered Level 5 of the Dungeon
  2542 | D:5      | Reached skill level 1 in Invocations
  2560 | D:5      | Gained mutation: Your flesh is heat resistant. [potion of beneficial mutation]
  2593 | D:5      | Noticed Duvessa
  2593 | D:5      | Noticed Dowan
  2624 | D:5      | Killed Duvessa
  2624 | D:5      | Reached skill level 4 in Fighting
  2624 | D:5      | Reached skill level 4 in Armour
  2624 | D:5      | Reached skill level 1 in Dodging
  2632 | D:5      | Killed from afar by Dowan

Skill      XL: |  1  2  3  4  5  6  7 |
---------------+----------------------+-----
Axes           | 3 4 5 6 8 9 10 | 10.3
Invocations    | 1 |  1.5
Fighting       | 4 |  4.1
Armour         | 4 |  4.1
Dodging        | 1 |  1.1
Shields        | |  3.2

Action                   |  1- 3 |  4- 6 |  7- 9 || total
-------------------------+-------+-------+-------++-------
Melee: War axe           |   110 |   139 |    53 ||   302
  Use: Scroll            |       |       |     4 ||     4
       Potion            |       |       |     1 ||     1
  Eat: Chunk             |       |     4 |     2 ||     6
Armor: Scale mail        |    60 |    34 |       ||    94
       Plate armour      |       |    36 |    38 ||    74
Dodge: Dodged            |    34 |    38 |     6 ||    78
Block: Shield            |    72 |    71 |    26 ||   169
